AoeStats
← JRB58799

Arena

510200735Analyzed
1v1 RM · 3d ago on Sep 29, 2026· 43m 16s· 2 players
Game mode
Random Map
Map size
Tiny (2 player)
Population
200
Speed
Normal
Resources
Standard
Victory
Conquest
Starting age
Dark Age
Ending age
Imperial Age
RankedLock teamsTeams togetherTeam positionsShared explorationLock speedFull tech treeHidden civsTurbo modeCheats
Victory
Defeat
🇺🇸 Celts · United States
250
+7
🇲🇽 Spanish · Mexico
28
-7
JRB58799
0:30 Loom
12:58 Feudal Age
13:28 Double-Bit Axe
13:37 Town Watch
13:39 Horse Collar
14:52 Wheelbarrow
17:01 Stone Mining
17:05 Gold Mining
21:45 Castle Age
22:12 Scale Mail Armor
22:26 Forging
22:22 Scale Barding Armor
23:18 Hand Cart
23:27 Bow Saw
23:46 Heavy Plow
25:09 Stone Shaft Mining
24:16 Man-at-Arms
26:12 Gold Shaft Mining
27:18 Herbal Medicine
27:58 Sanctity
27:56 Town Patrol
28:25 Ballistics
28:24 Fortified Wall
33:52 Imperial Age
31:55 Chain Mail Armor
31:57 Gambesons
33:04 Long Swordsman
36:28 Iron Casting
38:26 Hoardings
39:03 Fervor
40:05 Conscription
41:10 Stronghold
Ryuk7035
8:45 Loom
10:42 Feudal Age
12:48 Double-Bit Axe
15:45 Horse Collar
22:46 Wheelbarrow
26:05 Scale Mail Armor
26:11 Scale Barding Armor
29:29 Castle Age
27:29 Gold Mining
31:56 Thumb Ring
33:22 Husbandry
33:32 Bloodlines
36:08 Ballistics
35:45 Stone Mining
37:54 Squires
37:39 Gambesons
Connection lost

Rejoining the realm…

Still unreachable

The connection could not be restored.

Session expired

The server has moved on; the page needs a fresh start.